Map: Lightshade LE

Players

Astrea - Winner!

  • Race: Protoss Protoss
  • League: Master
  • Spawn Location: 11:00

TLO

  • Race: Zerg Zerg
  • League: Master
  • Spawn Location: 5:00

Event: DreamHack SC2 Masters 2020 Winter

VOD

Have the link to the VOD?

Description

Time

  • Played on: Nov. 1, 2020, 4:10 p.m.
  • Length: 15:01

All games in this series

Show
View Real Time Build Order
Export as new Build Order

Astrea Protoss - Winner!

Build Orders: 1 Gate Expand, Oracle Opening, Carriers, Zealot Archon, Colossus Rush 

Get SALT Encoding   

  12  0:00  Probe  
  13  0:12  Probe  
  14  0:18  Pylon  
  14  0:24  Probe (Chrono Boost)  
  15  0:36  Probe (Chrono Boost)  
  15  0:39  Gateway  
  16  0:45  Probe (Chrono Boost)  
  16  0:46  Assimilator  
  17  0:51  Probe  
  18  1:03  Probe  
  19  1:15  Probe  
  20  1:23  Nexus  
  20  1:34  Cybernetics Core  
  20  1:37  Probe  
  21  1:43  Assimilator  
  21  1:49  Probe  
  21  1:53  Pylon  
  22  2:01  Probe  
  23  2:09  Adept (Chrono Boost), Probe  
  26  2:17  Stargate, Probe  
  27  2:25  Warp Gate  
  27  2:28  Probe (Chrono Boost)  
  28  2:31  Adept  
  31  2:37  Probe (Chrono Boost)  
  32  2:45  Probe (Chrono Boost)  
  32  2:47  Probe (Chrono Boost)  
  33  2:52  Probe x2 (Chrono Boost)  
  35  2:59  Oracle (Chrono Boost)  
  35  3:03  Probe  
  35  3:04  Probe  
  40  3:05  Pylon  
  40  3:14  Gateway  
  40  3:15  Probe  
  40  3:16  Probe  
  42  3:22  Void Ray (Chrono Boost)  
  42  3:27  Probe  
  42  3:28  Probe  
  48  3:35  Pylon  
  48  3:39  Probe  
  48  3:41  Probe  
  50  3:51  Probe, Void Ray (Chrono Boost)  
  50  3:53  Probe  
  56  4:04  Probe  
  56  4:05  Probe  
  56  4:06  Nexus  
  56  4:09  Pylon  
  58  4:16  Probe  
  59  4:17  Assimilator x2, Probe  
  59  4:22  Pylon  
  60  4:26  Void Ray  
  60  4:28  Probe  
  60  4:29  Probe  
  66  4:40  Shield Battery, Probe  
  66  4:41  Probe  
  68  4:52  Probe  
  69  4:55  Probe, Sentry x2  
  74  5:02  Forge, Twilight Council  
  74  5:04  Probe (Chrono Boost)  
  75  5:07  Pylon, Probe (Chrono Boost)  
  75  5:11  Pylon  
  75  5:13  Robotics Facility  
  76  5:16  Probe (Chrono Boost)  
  76  5:18  Probe (Chrono Boost)  
  76  5:20  Probe (Chrono Boost)  
  79  5:24  Probe (Chrono Boost)  
  79  5:27  Probe x2 (Chrono Boost)  
  82  5:29  Gateway  
  82  5:30  Gateway  
  82  5:31  Probe (Chrono Boost)  
  82  5:32  Probe (Chrono Boost)  
  82  5:33  Probe  
  85  5:35  Colossus  
  85  5:38  Protoss Ground Weapons Level 1 (Chrono Boost)  
  86  5:42  Probe  
  86  5:46  Dark Shrine  
  86  5:47  Charge, Probe  
  86  5:49  Assimilator  
  87  5:51  Assimilator, Probe  
  87  5:55  Zealot x2  
  92  6:01  Probe  
  93  6:08  Observer  
  93  6:11  Gateway x2  
  94  6:12  Gateway  
  94  6:15  Gateway, Probe, Templar Archives  
  94  6:16  Photon Cannon  
  95  6:22  Pylon  
  95  6:27  Gateway x2  
  95  6:35  Zealot x3  
  95  6:36  Zealot  
  103  6:44  Warp Prism (Chrono Boost)  
  105  6:57  High Templar x4  
  105  7:00  Pylon  
  105  7:01  Pylon  
  113  7:02  Archon x2  
  113  7:06  Observer  
  113  7:11  High Templar x2  
  113  7:15  Pylon  
  117  7:17  Archon, Pylon  
  117  7:19  Photon Cannon  
  117  7:21  Shield Battery  
  117  7:23  Zealot x4  
  125  7:33  Psionic Storm  
  125  7:34  Pylon  
  125  7:36  Protoss Ground Weapons Level 2 (Chrono Boost)  
  125  7:37  Pylon  
  125  7:40  Zealot x3  
  125  7:41  Zealot  
  133  7:56  Nexus  
  133  7:58  Zealot x6  
  133  8:01  Zealot x4  
  137  8:16  Phoenix  
  137  8:18  Pylon  
  137  8:22  Pylon  
  137  8:25  High Templar x4  
  139  8:28  Probe  
  139  8:33  Zealot x4  
  144  8:36  High Templar x2  
  144  8:40  Photon Cannon  
  148  8:41  Phoenix  
  148  8:42  Probe  
  148  8:43  Shield Battery x2  
  151  8:48  Photon Cannon  
  151  8:52  Probe x2  
  153  8:58  Photon Cannon  
  153  9:00  Photon Cannon  
  153  9:05  High Templar  
  153  9:06  High Templar  
  153  9:09  Photon Cannon  
  157  9:13  Assimilator, Photon Cannon  
  157  9:14  Assimilator  
  157  9:15  Photon Cannon  
  157  9:19  Probe x4  
  161  9:29  Archon  
  161  9:31  Probe x2  
  161  9:32  High Templar x2, Probe  
  161  9:33  High Templar x2  
  161  9:37  Photon Cannon  
  172  9:38  Archon x2  
  172  9:39  Photon Cannon  
  172  9:40  Dark Templar  
  172  9:41  Photon Cannon  
  172  9:45  Probe x2  
  176  9:48  Protoss Ground Weapons Level 3 (Chrono Boost)  
  172  10:09  Zealot x5  
  172  10:10  Zealot x4  
  190  10:26  Fleet Beacon  
  190  10:28  Stargate  
  188  10:30  Stargate  
  188  10:35  Protoss Air Weapons Level 1 (Chrono Boost)  
  188  10:38  High Templar x2, Zealot x2  
  196  10:43  Archon, Pylon  
  196  10:44  Pylon  
  136  11:19  Zealot x10  
  152  11:28  Carrier x2 (Chrono Boost)  
  154  11:33  Carrier (Chrono Boost)  
  156  11:42  Pylon  
  156  11:44  High Templar x5  
  156  11:45  High Templar, Zealot x4  
  158  11:50  Archon x3  
  156  12:14  Observer  
  156  12:17  Photon Cannon  
  156  12:18  Photon Cannon  
  156  12:20  Photon Cannon  
  156  12:22  Photon Cannon  
  156  12:26  Observer (Chrono Boost)  
  156  12:29  Nexus  
  157  12:30  Zealot  
  157  12:31  Pylon, Zealot x9  
  177  12:37  Carrier (Chrono Boost)  
  177  12:38  Carrier x2 (Chrono Boost)  
  195  12:44  Pylon  
  174  13:12  High Templar x4, Zealot x5  
  176  13:13  Zealot  
  176  13:18  Archon x2  
  173  13:40  High Templar, Zealot x4  
  173  13:41  High Templar  
  185  13:49  Carrier x2 (Chrono Boost)  
  167  14:12  Photon Cannon x2  
  167  14:14  Photon Cannon, Probe x3  
  167  14:15  Probe x2  
  167  14:16  Photon Cannon  
  170  14:18  Photon Cannon  
  170  14:20  Photon Cannon  
  170  14:22  High Templar x5  
  170  14:23  Shield Battery  
  180  14:26  Shield Battery  
  180  14:27  Assimilator  
  186  14:31  Assimilator  
  186  14:38  Zealot x5  
  146  14:55  Zealot x5  
Show
View Real Time Build Order
Export as new Build Order

TLO Zerg 

Build Orders: Hatch First 

Get SALT Encoding   

  12  0:00  Drone  
  13  0:12  Overlord  
  13  0:16  Drone  
  14  0:30  Drone x2  
  16  0:47  Hatchery  
  15  0:51  Drone  
  15  0:56  Drone  
  17  0:58  Drone  
  18  1:04  Extractor  
  17  1:14  Spawning Pool  
  17  1:17  Drone  
  17  1:21  Drone  
  18  1:28  Drone  
  19  1:38  Drone  
  20  1:51  Drone  
  21  2:01  Queen x2, Zergling x2  
  22  2:03  Metabolic Boost  
  26  2:10  Overlord  
  26  2:14  Zergling x2  
  27  2:17  Drone  
  28  2:24  Drone, Extractor  
  29  2:37  Hatchery  
  28  2:40  Drone  
  28  2:43  Zergling x2  
  30  2:44  Drone  
  30  2:46  Overlord  
  30  2:51  Drone  
  30  2:54  Drone  
  30  2:57  Drone  
  33  3:00  Queen  
  35  3:06  Drone  
  35  3:07  Drone  
  35  3:10  Drone x2  
  35  3:12  Drone  
  40  3:15  Zergling x2  
  40  3:19  Queen  
  41  3:23  Overlord  
  43  3:28  Evolution Chamber  
  43  3:30  Drone  
  43  3:32  Extractor  
  43  3:33  Drone  
  43  3:36  Drone  
  43  3:40  Drone, Spore Crawler  
  44  3:42  Zergling x2  
  44  3:44  Drone  
  44  3:45  Drone  
  44  3:48  Drone  
  48  3:52  Drone  
  48  3:53  Zerg Melee Weapons Level 1  
  49  3:56  Drone  
  49  3:59  Drone  
  49  4:01  Drone  
  49  4:02  Drone  
  52  4:06  Overlord  
  52  4:08  Overlord  
  52  4:14  Overlord  
  52  4:15  Overlord  
  52  4:18  Overlord  
  51  4:26  Drone x2  
  51  4:27  Drone x3  
  51  4:30  Spore Crawler  
  55  4:34  Drone  
  55  4:36  Drone, Extractor x2  
  55  4:37  Drone x2  
  59  4:40  Drone  
  59  4:44  Drone x2  
  62  4:46  Drone  
  62  4:50  Drone  
  62  4:52  Drone, Extractor  
  59  4:54  Drone  
  59  4:55  Drone  
  59  4:56  Drone  
  59  4:59  Drone x5  
  67  5:00  Drone  
  67  5:04  Queen  
  70  5:09  Zergling x4  
  70  5:10  Zergling x2  
  70  5:12  Overlord  
  73  5:15  Queen  
  73  5:17  Zergling x2  
  73  5:20  Zergling x4  
  78  5:21  Zergling x2  
  78  5:24  Lair  
  78  5:26  Zergling x4  
  78  5:28  Zergling x2  
  82  5:29  Zergling x2  
  82  5:31  Overlord  
  82  5:32  Zergling x2  
  82  5:33  Zergling x2  
  82  5:34  Zergling x2  
  82  5:35  Zergling x2  
  87  5:37  Zergling x2  
  87  5:40  Zergling x2  
  87  5:41  Spore Crawler  
  87  5:42  Zergling x2  
  89  5:47  Hatchery  
  89  5:49  Drone  
  89  5:52  Zergling x2  
  89  5:54  Zergling x2  
  90  5:57  Zergling x4  
  90  6:00  Zerg Missile Weapons Level 1  
  90  6:01  Drone  
  90  6:02  Drone x3  
  95  6:05  Drone, Extractor  
  95  6:06  Extractor  
  95  6:08  Drone, Extractor  
  95  6:10  Drone, Extractor  
  94  6:12  Drone  
  94  6:15  Drone x2  
  94  6:16  Drone  
  94  6:17  Overlord  
  99  6:18  Drone  
  99  6:20  Drone  
  99  6:23  Drone  
  99  6:24  Overlord  
  100  6:27  Hydralisk Den, Overlord  
  100  6:30  Hatchery  
  100  6:32  Drone  
  99  6:33  Drone, Baneling Nest  
  99  6:35  Overlord  
  99  6:36  Drone  
  100  6:41  Spire  
  100  6:42  Drone  
  100  6:44  Drone  
  100  6:46  Drone  
  102  6:48  Drone  
  102  6:50  Drone x4  
  107  6:54  Drone  
  107  6:58  Grooved Spines  
  107  6:59  Overlord, Hydralisk x2  
  107  7:00  Hydralisk  
  114  7:03  Hydralisk  
  114  7:05  Overlord  
  116  7:10  Hydralisk  
  116  7:11  Overlord  
  116  7:12  Drone x2  
  116  7:15  Spore Crawler  
  119  7:18  Centrifical Hooks  
  119  7:21  Hydralisk  
  121  7:23  Drone  
  121  7:24  Overlord  
  121  7:25  Hydralisk  
  121  7:27  Zergling x2  
  121  7:29  Zergling x2  
  124  7:30  Zergling x2  
  124  7:34  Hydralisk x3  
  124  7:35  Zergling x2  
  130  7:39  Zergling x2  
  130  7:41  Baneling  
  130  7:42  Baneling x12  
  130  7:44  Zergling x2, Hydralisk  
  130  7:46  Zergling x2  
  130  7:48  Zergling x2  
  130  7:49  Zergling x2  
  130  7:50  Zergling x2  
  137  7:52  Zergling x2  
  137  7:53  Zergling x2  
  137  7:55  Hydralisk x2  
  137  7:56  Zergling x2, Hydralisk  
  146  8:01  Hydralisk x2  
  145  8:06  Hydralisk  
  145  8:10  Zergling x2  
  145  8:11  Zergling x2  
  136  8:14  Zergling x2  
  136  8:16  Zergling x4  
  136  8:19  Baneling x5  
  139  8:23  Zergling x6  
  139  8:25  Baneling x3  
  138  8:28  Zergling x2  
  138  8:29  Zergling x4  
  138  8:30  Zergling x4  
  138  8:31  Zergling x2, Hydralisk  
  138  8:32  Zergling x2  
  146  8:35  Zergling x2  
  146  8:36  Zergling x2  
  146  8:40  Zergling x2  
  149  8:42  Extractor  
  149  8:43  Extractor, Zergling x2  
  149  8:45  Zergling x2  
  147  8:51  Zergling x4  
  147  8:52  Zergling x2  
  147  8:53  Zerg Melee Weapons Level 2, Zergling x2  
  147  8:55  Drone, Zergling x2  
  150  8:56  Hydralisk  
  150  8:57  Zergling x2  
  150  8:58  Zergling x2  
  150  9:00  Zergling x2  
  150  9:02  Corruptor  
  157  9:03  Zergling x10  
  157  9:08  Zergling x2  
  163  9:10  Baneling x6  
  163  9:11  Zergling x2  
  163  9:12  Zergling x2  
  163  9:13  Zergling x2  
  166  9:18  Hatchery, Zergling x2  
  166  9:19  Zergling x2  
  166  9:20  Zergling x2  
  166  9:21  Pneumatized Carapace  
  166  9:23  Baneling  
  168  9:24  Corruptor  
  168  9:25  Overlord  
  168  9:27  Zergling x4  
  168  9:28  Zergling x2  
  168  9:30  Zergling x4  
  175  9:32  Spore Crawler  
  175  9:37  Zergling x2  
  175  9:40  Overlord  
  175  9:41  Baneling  
  175  9:42  Baneling x4, Overlord  
  175  9:43  Overlord  
  175  9:49  Muscular Augments, Hydralisk  
  175  9:50  Overlord x2  
  177  9:53  Zergling x2  
  177  9:57  Zergling x2  
  177  9:58  Zergling x2  
  177  9:59  Zergling x2  
  180  10:01  Hydralisk  
  180  10:02  Hydralisk  
  180  10:03  Hydralisk x2  
  186  10:10  Zergling x2  
  186  10:11  Zergling x2, Overseer x2  
  186  10:12  Zergling x2, Hydralisk  
  191  10:16  Spore Crawler  
  191  10:17  Spine Crawler  
  191  10:18  Spine Crawler  
  191  10:20  Hydralisk x2  
  191  10:21  Zergling x2, Spine Crawler  
  192  10:22  Overlord  
  192  10:24  Zergling x4  
  192  10:27  Zergling x2  
  192  10:33  Extractor x2, Zergling x2  
  192  10:35  Overlord  
  189  10:40  Hydralisk  
  189  10:41  Hydralisk  
  193  10:46  Zergling x4  
  193  10:47  Zergling x2  
  193  10:48  Hydralisk x3  
  193  10:49  Hydralisk  
  199  10:54  Zergling x2  
  194  11:02  Hydralisk x6  
  194  11:03  Hydralisk x2  
  195  11:04  Hydralisk  
  195  11:09  Zergling x2  
  195  11:10  Zergling x2  
  176  11:11  Zergling x2  
  176  11:12  Zergling x2, Hydralisk  
  176  11:14  Hydralisk  
  176  11:15  Zergling x2  
  176  11:17  Hydralisk  
  176  11:18  Hydralisk  
  164  11:23  Hydralisk  
  148  11:26  Hydralisk  
  148  11:28  Hydralisk  
  148  11:30  Zergling x2  
  148  11:31  Zergling x2  
  144  11:33  Zergling x2  
  144  11:34  Zergling x2  
  144  11:35  Zergling x4  
  144  11:36  Zergling x2  
  144  11:37  Hydralisk  
  144  11:38  Hydralisk x2  
  142  11:44  Hydralisk  
  142  11:45  Hydralisk  
  142  11:46  Zergling x4  
  133  11:47  Zergling x2  
  133  11:48  Zergling x2  
  133  11:50  Zergling x4  
  134  11:55  Hydralisk  
  134  11:57  Hydralisk  
  134  11:58  Hydralisk  
  134  12:00  Hydralisk x2  
  144  12:06  Hydralisk  
  145  12:08  Baneling  
  145  12:09  Baneling  
  145  12:11  Hydralisk  
  145  12:12  Hydralisk  
  145  12:14  Hydralisk  
  151  12:16  Hydralisk  
  151  12:19  Zergling x2  
  151  12:21  Zergling x2  
  151  12:22  Zergling x2  
  156  12:23  Baneling x2  
  156  12:24  Overseer  
  156  12:26  Hydralisk  
  156  12:28  Zergling x2  
  159  12:31  Hydralisk  
  159  12:34  Zergling x4  
  159  12:36  Zergling x2  
  159  12:37  Baneling  
  164  12:38  Zergling x2  
  164  12:40  Zergling x2  
  164  12:41  Zergling x2  
  164  12:43  Hydralisk  
  169  12:46  Zergling x2  
  169  12:47  Zergling x2  
  169  12:49  Zergling x2  
  169  12:50  Zergling x2  
  167  12:56  Hydralisk  
  167  12:57  Hydralisk  
  169  13:03  Hydralisk  
  169  13:05  Hydralisk x2  
  159  13:08  Hydralisk  
  147  13:13  Hydralisk  
  147  13:14  Hydralisk  
  147  13:18  Hydralisk  
  144  13:29  Hydralisk x2  
  144  13:31  Hydralisk x2  
  148  13:37  Hydralisk x2  
  148  13:41  Zergling x4  
  153  13:47  Hydralisk  
  153  13:48  Hydralisk  
  153  13:50  Zergling x2  
  153  13:55  Hydralisk  
  150  14:03  Overseer  
  150  14:06  Hydralisk x4  
  150  14:08  Zergling x2  
  159  14:10  Zergling x2  
  159  14:11  Zergling x2  
  159  14:13  Zergling x2  
  162  14:18  Baneling x3  
  162  14:21  Baneling x4  
  162  14:22  Baneling x2  
  162  14:32  Hydralisk  
  162  14:33  Hydralisk  
Tags
 
Add a new tag
Caveats
  • Supply blocks, unpowered buildings, or Contaminate may cause inaccurate times.
  • Supply counts are checked every 10 seconds.